 Dungeon Sprint DCSS version 0.17-a0-1719-g1afd5a1 (webtiles) character file.

12500000 ztt the Plane Walker (level 27, -15/273 HPs)
             Began as a Ghoul Warper on Aug 27, 2015.
             Was the Champion of Makhleb.
             Demolished by a fleshlord
             ... wielding a +9 great mace
              (194 damage)
             ... in the Dungeon (Sprint VIII: "Arena of Blood").
             The game lasted 00:02:37 (125 turns).

ztt the Plane Walker (Ghoul Warper)                  Turns: 125, Time: 00:02:38

Health: -15/273    AC:  6    Str: 22    XL:     27
Magic:  32/53      EV: 28    Int:  9    God:    Makhleb [******]
Gold:   0          SH:  0    Dex: 13    Spells: 2 memorised, 77 levels left

rFire  . . .     SeeInvis +     l - +∞ Axe of Woe
rCold  + . .     Clarity  .     b - +0 leather armour
rNeg   + + +     SustAt   .     (no shield)
rPois  ∞         Gourm    .     (no helmet)
rElec  .         Spirit   .     (no cloak)
rCorr  .         Warding  .     (no gloves)
rMut   .         NoTele   +     (no boots)
MR     ++...                    (no amulet)
Stlth  +++++++++.               (no ring)
                                m - ring of see invisible

@: rotting, very resistant to hostile enchantments, incredibly stealthy
A: rotting body, claws 1, carnivore 3, cold resistance 1, negative energy
resistance 3, slow healing 1, torment resistance, unbreathing
a: Minor Destruction, Lesser Servant of Makhleb, Major Destruction, Greater
Servant of Makhleb, Renounce Religion


You were in the Dungeon.
You worshipped Makhleb.
Makhleb was exalted by your worship.
You were not hungry.

You visited 1 branch

Inventory:

Hand weapons
 a - a +0 hand axe
 l - the +∞ Axe of Woe (weapon)
   (You found it in the Dungeon)
Missiles
 e - 5 tomahawks of dispersal (quivered)
Armour
 b - a +0 leather armour (worn)
Jewellery
 m - a ring of see invisible (left claw)
 n - a +30 ring of slaying
 o - a +30 ring of slaying
Scrolls
 d - 2 scrolls of blinking
Potions
 g - a potion of curing
 h - a potion of heal wounds
 i - a potion of haste
 j - 2 potions of magic
 k - a potion of berserk rage
Books
 c - a book of Spatial Translocations

   Spells                             Type                      Level
   a - Apportation                    Translocation                1
   b - Blink                          Translocation                2
   c - Shroud of Golubria             Charms/Translocation         2
   d - Portal Projectile              Translocation                3
   e - Teleport Other                 Translocation                3
   f - Passage of Golubria            Translocation                4
Comestibles
 f - a meat ration


   Skills:
 O Level 27 Fighting
 O Level 27 Axes
 O Level 27 Throwing
 O Level 27 Armour
 O Level 27 Dodging
 O Level 27 Stealth
 O Level 27 Unarmed Combat
 O Level 27 Spellcasting
 O Level 27 Translocations
 O Level 27 Invocations


You had 77 spell levels left.
You knew the following spells:

 Your Spells              Type           Power        Failure   Level  Hunger
a - Apportation           Tloc           ######....   0%          1    None
b - Blink                 Tloc           N/A          0%          2    None


Dungeon Overview and Level Annotations

Branches:
Dungeon (1/1)

Altars:
Makhleb


Innate Abilities, Weirdness & Mutations

Your body is rotting away.
You thrive on raw meat.
You are immune to poison.
You have sharp fingernails.
You are carnivorous and can eat meat at any time.
Your flesh is cold resistant.
You are immune to negative energy.
You heal slowly when monsters are visible.
You are immune to unholy pain and torment.
You can survive without breathing.


Message History

The fleshlord shouts!
The bag of meat shouts!
The meat beast gives a hideous shriek!
The bag of meat shouts!
You hear a shout!
The meat beast caws, "Thy neck shall be my snackling!"
You hear a shout! x8
The fleshlord gestures wildly while chanting.
The fleshlord seems to speed up.
The dread throws hellfire at you.
The hellfire explodes!
The burst of hellfire engulfs you!
You hear a shout! x3
An orc and an ogre come into view.
A great orb of eyes and a vampire knight come into view.
You hear a shout! x4
The meat berserker hits you with a +9 battleaxe!!!
You hear a shout!
The observer moves out of view.
You hear a shout! x3
The fleshlord hits you with a +9 great mace!!!!!
Ouch! That really hurt!
You die...

..)###......
#.))....###..... L...#.
#.))....#............o V
#)))....#..........o.#..
.).................oO...
...W........#...#.WooS.#
....).p...%#....#..o..#
..W)%...p##..2..#2....#
%..).)..#)M))..#@p.O#
....))))#))O###..O.#....
.#...).))))†)....#......
.....))..†..............
.%#.....####.........###
..........#.......####
.......%.......####
........%...####
#############


You could see 2 meat beasts, a tyrant (wandering), a destroyer (wandering), a
scourge, a fleshlord, a dread, 3 meat berserkers and 6 bags of meat.

Vanquished Creatures
  11 hell beasts (D)
  6 greater mummies (D)
  2 great orbs of eyes (D)
  3 wraiths (D)
  13 vampire knights (D)
  18 ogres (D)
  5 liches (D)
  4 hydras (D)
  45 orcs (D)
  4 phantoms (D)
  4 hill giants (D)
  5 skeletal warriors (D)
  A large abomination (D)
  6 small abominations (D)
  7 crawling corpses (D)
134 creatures vanquished.

Vanquished Creatures (others)
  2 crawling corpses (D)
2 creatures vanquished.

Grand Total: 136 creatures vanquished

Notes
Turn   | Place    | Note
--------------------------------------------------------------
     0 | D        | ztt the Ghoul Warper began the quest for the Orb.
     0 | D        | Reached XP level 1. HP: 17/17 MP: 2/2
     3 | D        | Noticed a bag of meat
     4 | D        | Became a worshipper of Makhleb the Destroyer
     5 | D        | Noticed a meat berserker
     6 | D        | Noticed a bag of meat
     6 | D        | Noticed a bag of meat
     7 | D        | Noticed a bag of meat
     7 | D        | Noticed a bag of meat
     8 | D        | Noticed a bag of meat
     8 | D        | Noticed a meat berserker
     8 | D        | Killed a bag of meat
     8 | D        | Reached skill level 11 in Fighting
     8 | D        | Reached skill level 10 in Spellcasting
     8 | D        | Reached skill level 17 in Translocations
     8 | D        | Reached XP level 2. HP: 20/40 MP: 2/12
     8 | D        | Reached XP level 3. HP: 23/47 MP: 2/13
     8 | D        | Reached XP level 4. HP: 26/55 MP: 2/15
     8 | D        | Reached XP level 5. HP: 28/61 MP: 2/16
     8 | D        | Reached XP level 6. HP: 31/68 MP: 2/18
     8 | D        | Reached XP level 7. HP: 33/74 MP: 2/19
     8 | D        | Reached XP level 8. HP: 36/82 MP: 2/21
     8 | D        | Reached XP level 9. HP: 39/89 MP: 2/22
     8 | D        | Reached XP level 10. HP: 42/96 MP: 2/23
     8 | D        | Reached XP level 11. HP: 44/102 MP: 2/24
     8 | D        | Reached XP level 12. HP: 47/110 MP: 2/25
     9 | D        | Noticed a bag of meat
     9 | D        | Noticed a bag of meat
     9 | D        | Noticed a bag of meat
     9 | D        | Noticed a meat berserker
     9 | D        | Killed a bag of meat
     9 | D        | Acquired Makhleb's first power
     9 | D        | Reached skill level 20 in Translocations
     9 | D        | Reached XP level 13. HP: 49/122 MP: 2/28
     9 | D        | Noticed a bag of meat
     9 | D        | Noticed a bag of meat
    10 | D        | Noticed a meat berserker
    10 | D        | Killed a meat berserker
    10 | D        | Reached skill level 15 in Fighting
    10 | D        | Reached skill level 23 in Translocations
    10 | D        | Reached XP level 14. HP: 52/135 MP: 2/30
    10 | D        | Killed a meat berserker
    10 | D        | Acquired Makhleb's second power
    10 | D        | Reached skill level 15 in Spellcasting
    10 | D        | Reached skill level 25 in Translocations
    10 | D        | Reached XP level 15. HP: 109/147 MP: 2/33
    11 | D        | Noticed a bag of meat
    11 | D        | Noticed a bag of meat
    11 | D        | Noticed a bag of meat
    11 | D        | Killed a bag of meat
    11 | D        | Reached skill level 15 in Axes
    11 | D        | Reached skill level 26 in Translocations
    11 | D        | Reached XP level 16. HP: 155/157 MP: 3/34
    11 | D        | Killed a bag of meat
    11 | D        | Acquired Makhleb's third power
    11 | D        | Reached skill level 15 in Dodging
    11 | D        | Reached skill level 27 in Translocations
    12 | D        | Noticed a meat berserker
    12 | D        | Noticed a bag of meat
    13 | D        | Noticed a bag of meat
    13 | D        | Noticed a bag of meat
    13 | D        | Killed a bag of meat
    13 | D        | Reached skill level 5 in Throwing
    13 | D        | Reached skill level 5 in Armour
    13 | D        | Killed a bag of meat
    13 | D        | Reached XP level 17. HP: 116/172 MP: 3/38
    13 | D        | Killed a meat berserker
    13 | D        | Acquired Makhleb's fourth power
    13 | D        | Killed a bag of meat
    13 | D        | Reached XP level 18. HP: 121/188 MP: 3/41
    14 | D        | Noticed a bag of meat
    14 | D        | Killed a bag of meat
    14 | D        | Acquired Makhleb's fifth power
    15 | D        | Noticed a bag of meat
    15 | D        | Killed a bag of meat
    15 | D        | Killed a meat berserker
    15 | D        | Reached XP level 19. HP: 198/205 MP: 4/44
    15 | D        | Killed a bag of meat
    15 | D        | Reached skill level 27 in Fighting
    16 | D        | Killed a bag of meat
    16 | D        | Reached skill level 10 in Throwing
    17 | D        | Noticed a bag of meat
    17 | D        | Killed a bag of meat
    17 | D        | Reached skill level 27 in Axes
    17 | D        | Reached skill level 10 in Armour
    19 | D        | Killed a bag of meat
    19 | D        | Killed a bag of meat
    19 | D        | Reached XP level 20. HP: 216/216 MP: 5/48
    20 | D        | Noticed a bag of meat
    20 | D        | Noticed a bag of meat
    20 | D        | Noticed a destroyer
    21 | D        | Killed a destroyer
    21 | D        | Reached skill level 27 in Spellcasting
    21 | D        | Killed a bag of meat
    21 | D        | Reached skill level 15 in Throwing
    21 | D        | Reached skill level 15 in Armour
    21 | D        | Reached skill level 27 in Dodging
    21 | D        | Killed a bag of meat
    21 | D        | Reached XP level 21. HP: 224/224 MP: 5/51
    22 | D        | Noticed a bag of meat
    23 | D        | Noticed a large bag of meat
    23 | D        | Noticed a bag of meat
    24 | D        | Noticed a bag of meat
    24 | D        | Killed a bag of meat
    24 | D        | Killed a bag of meat
    26 | D        | Noticed a destroyer
    26 | D        | Noticed a large bag of meat
    26 | D        | Killed a bag of meat
    26 | D        | Killed a bag of meat
    26 | D        | Killed a bag of meat
    26 | D        | Reached XP level 22. HP: 233/233 MP: 7/52
    27 | D        | Noticed a bag of meat
    27 | D        | Noticed a meat berserker
    28 | D        | Noticed a destroyer
    28 | D        | Noticed a large bag of meat
    28 | D        | Killed a large bag of meat
    28 | D        | Reached skill level 27 in Armour
    28 | D        | Killed a bag of meat
    29 | D        | Noticed a destroyer
    30 | D        | Noticed a bag of meat
    30 | D        | Killed a bag of meat
    30 | D        | Reached skill level 27 in Throwing
    30 | D        | Killed a destroyer
    30 | D        | Killed a large bag of meat
    30 | D        | Reached XP level 23. HP: 240/240 MP: 8/53
    31 | D        | Killed a large bag of meat
    32 | D        | Noticed a bag of meat
    32 | D        | Noticed a destroyer
    33 | D        | Noticed a bag of meat
    33 | D        | Noticed a bag of meat
    33 | D        | Killed a meat berserker
    33 | D        | Killed a bag of meat
    33 | D        | Killed a destroyer
    33 | D        | Reached skill level 27 in Stealth
    33 | D        | Reached XP level 24. HP: 249/249 MP: 8/53
    34 | D        | Killed a bag of meat
    35 | D        | Noticed a bag of meat
    35 | D        | Noticed a destroyer
    35 | D        | Killed a meat berserker
    35 | D        | Reached skill level 27 in Unarmed Combat
    35 | D        | Reached skill level 27 in Invocations
    35 | D        | Killed a destroyer
    36 | D        | Noticed a bag of meat
    36 | D        | Killed a destroyer
    36 | D        | Reached XP level 25. HP: 257/257 MP: 9/53
    37 | D        | Killed a destroyer
    38 | D        | Noticed a bag of meat
    38 | D        | Noticed a sculptor of flesh
    38 | D        | Noticed a destroyer
    39 | D        | Killed a bag of meat
    39 | D        | Killed a destroyer
    39 | D        | Reached XP level 26. HP: 266/266 MP: 9/53
    40 | D        | Killed a bag of meat
    41 | D        | Killed a bag of meat
    42 | D        | Noticed a destroyer
    42 | D        | Noticed a sculptor of flesh
    42 | D        | Noticed a destroyer
    42 | D        | Killed a bag of meat
    43 | D        | Killed a destroyer
    44 | D        | Noticed a destroyer
    45 | D        | Noticed an accursed
    45 | D        | Killed a sculptor of flesh
    45 | D        | Killed a destroyer
    45 | D        | Reached XP level 27. HP: 273/273 MP: 10/53
    45 | D        | Killed a bag of meat
    46 | D        | Killed an accursed
    46 | D        | Killed a bag of meat
    48 | D        | Killed a destroyer
    48 | D        | Killed a bag of meat
    49 | D        | Killed a sculptor of flesh
    50 | D        | Noticed an accursed
    51 | D        | Noticed an accursed
    53 | D        | Learned a level 2 spell: Blink
    55 | D        | Killed an accursed
    59 | D        | Noticed a meat berserker
    59 | D        | Noticed an accursed
    59 | D        | Killed an accursed
    60 | D        | Noticed a meat berserker
    60 | D        | Noticed a meat beast
    61 | D        | Noticed a tyrant
    61 | D        | Noticed a dread
    61 | D        | Noticed a meat beast
    62 | D        | Noticed a bag of meat
    62 | D        | Noticed a tyrant
    63 | D        | Killed an accursed
    64 | D        | Killed a meat berserker
    64 | D        | Killed a meat beast
    65 | D        | Noticed a destroyer
    65 | D        | Noticed a meat beast
    66 | D        | Noticed a meat beast
    66 | D        | Killed a meat berserker
    67 | D        | Killed a dread
    68 | D        | Noticed a bag of meat
    68 | D        | Noticed a bag of meat
    68 | D        | Noticed a bag of meat
    68 | D        | Noticed a bag of meat
    68 | D        | Noticed a tyrant
    68 | D        | Noticed a meat beast
    69 | D        | Noticed a bag of meat
    69 | D        | Noticed a meat berserker
    69 | D        | Noticed a meat beast
    69 | D        | Killed a meat beast
    69 | D        | Killed a tyrant
    69 | D        | Killed a destroyer
    70 | D        | Noticed a meat berserker
    70 | D        | Noticed a meat berserker
    70 | D        | Killed a meat beast
    70 | D        | Killed a meat beast
    71 | D        | Noticed a dread
    71 | D        | Noticed a meat beast
    71 | D        | Killed a meat beast
    72 | D        | Noticed a bag of meat
    74 | D        | Noticed a meat berserker
    74 | D        | Noticed a meat berserker
    74 | D        | Noticed a dread
    75 | D        | Killed a meat berserker
    75 | D        | Killed a meat beast
    76 | D        | Killed a bag of meat
    77 | D        | Noticed a tyrant
    78 | D        | Noticed a meat berserker
    78 | D        | Noticed a sculptor of flesh
    78 | D        | Noticed a meat beast
    78 | D        | Killed a meat beast
    78 | D        | Killed a meat berserker
    79 | D        | Killed a tyrant
    79 | D        | Killed a meat berserker
    80 | D        | Killed a meat berserker
    80 | D        | Killed a meat beast
    81 | D        | Noticed a meat beast
    81 | D        | Killed a meat berserker
    82 | D        | Noticed a bag of meat
    82 | D        | Noticed a wretched soul
    82 | D        | Noticed a large bag of meat
    82 | D        | Noticed a meat beast
    82 | D        | Noticed a bag of meat
    82 | D        | Noticed an accursed
    83 | D        | Noticed a bag of meat
    83 | D        | Noticed a meat berserker
    83 | D        | Killed a bag of meat
    83 | D        | Killed a meat beast
    83 | D        | Killed a bag of meat
    85 | D        | Noticed a wretched soul
    85 | D        | Killed a bag of meat
    86 | D        | Noticed a meat berserker
    87 | D        | Noticed a wretched soul
    87 | D        | Noticed a bag of meat
    88 | D        | Noticed a sculptor of flesh
    88 | D        | Killed a meat beast
    88 | D        | Killed a meat berserker
    88 | D        | Killed a meat berserker
    88 | D        | Noticed an observer
    89 | D        | Noticed a meat beast
    89 | D        | Killed a bag of meat
    90 | D        | Killed a dread
    90 | D        | Killed a meat berserker
    90 | D        | Killed a sculptor of flesh
    91 | D        | Noticed a bag of meat
    91 | D        | Killed a wretched soul
    91 | D        | Killed a meat beast
    92 | D        | Noticed a destroyer
    92 | D        | Noticed a destroyer
    93 | D        | Killed a large bag of meat
    93 | D        | Killed a dread
    94 | D        | Noticed a bag of meat
    94 | D        | Killed a destroyer
    95 | D        | Killed a bag of meat
    95 | D        | Killed a tyrant
    95 | D        | Killed an observer
    96 | D        | Killed a destroyer
    96 | D        | Killed a bag of meat
    97 | D        | Noticed a meat berserker
    97 | D        | Noticed a wretched soul
    97 | D        | Killed a bag of meat
    97 | D        | Killed a bag of meat
    98 | D        | Noticed an observer
    98 | D        | Killed a wretched soul
    98 | D        | Killed a bag of meat
    99 | D        | Noticed a sculptor of flesh
   100 | D        | Noticed a tyrant
   100 | D        | Killed an observer
   100 | D        | Killed a wretched soul
   101 | D        | Killed a bag of meat
   101 | D        | Killed a bag of meat
   102 | D        | Noticed an accursed
   104 | D        | Killed a wretched soul
   105 | D        | Killed a tyrant
   106 | D        | Killed a sculptor of flesh
   107 | D        | Killed a meat berserker
   108 | D        | Noticed an accursed
   109 | D        | Killed a bag of meat
   111 | D        | Killed an accursed
   112 | D        | Killed a tyrant
   113 | D        | Noticed a dread
   115 | D        | Killed a sculptor of flesh
   116 | D        | Noticed a meat berserker
   118 | D        | Killed an accursed
   121 | D        | Noticed a meat berserker
   122 | D        | Noticed a meat beast
   122 | D        | Noticed a bag of meat
   122 | D        | Noticed a fleshlord
   122 | D        | Killed a meat berserker
   123 | D        | Noticed a meat berserker
   123 | D        | Noticed a bag of meat
   123 | D        | Noticed a bag of meat
   123 | D        | Noticed a fleshlord
   124 | D        | Noticed a bag of meat
   124 | D        | Noticed a meat beast
   124 | D        | Noticed a bag of meat
   124 | D        | Noticed a meat berserker
   124 | D        | Noticed a dread
   125 | D        | Noticed a bag of meat
   125 | D        | Noticed a meat berserker
   125 | D        | Noticed a destroyer
   125 | D        | Noticed an observer
   125 | D        | Demolished by a fleshlord

Vault maps used:
D:        meatsprint

Action                   |  1- 3 |  4- 6 |  7- 9 | 10-12 | 13-15 | 16-18 | 19-21 | 22-24 | 25-27 || total
-------------------------+-------+-------+-------+-------+-------+-------+-------+-------+-------++-------
Melee: Executioner's axe |     1 |       |       |     1 |     2 |     3 |     6 |     7 |    58 ||    78
 Cast: Apportation       |       |       |       |       |       |       |       |       |     1 ||     1
 Stab: Distracted        |       |       |       |       |       |       |       |       |     1 ||     1
